 Dungeon Crawl Stone Soup version 0.30-a0-779-g7971cf19c3 (webtiles) character file.

Game seed: 9157498500135277981

309434 jasper the Axe Maniac (level 20, -10/204 HPs)
             Began as a Minotaur Berserker on Feb 18, 2023.
             Was a High Priest of Trog.
             Killed from afar by an ironbound frostheart (44 damage)
             ... by creeping frost
             ... on level 1 of the Vaults.
             The game lasted 01:33:38 (50385 turns).

jasper the Axe Maniac (Minotaur Berserker)         Turns: 50385, Time: 01:33:39

Health: -10/204    AC: 31    Str: 25    XL:     20   Next: 37%
Magic:  19/19      EV: 20    Int:  4    God:    Trog [*****.]
Gold:   992        SH:  5    Dex: 18    Spells: 19/19 levels left

rFire   . . .      SeeInvis .    D - +8 executioner's axe (flame)
rCold   . . .      Faith    .    (shield currently unavailable)
rNeg    + . .      Spirit   .    g - +1 plate armour of Abstinence {Slay+2}
rPois   +          Reflect  +    W - +0 hat "Arodgh" {rElec Dex+2}
rElec   +          Harm     .    P - +2 cloak {Will+}
rCorr   .          Rampage  .    d - +1 pair of gloves {Stlth+}
Will    +++++                    t - +2 pair of boots Stlth
                                 Q - amulet of reflection
HPRegen 1.54/turn                q - ring of Moxzog {rN+ EV+5}
MPRegen 0.16/turn                V - ring "Nucoyp" {*Corrode rPois Will+ Slay+5}

@: lethally poisoned (-10 -> -10), strong-willed, frozen, regenerating, studying
Long Blades, very slow
A: horns 2, retaliatory headbutt
}: 2/15 runes: serpentine, barnacled
a: Renounce Religion, Berserk, Trog's Hand, Brothers in Arms


You were on level 1 of the Vaults.
You worshipped Trog.
Trog was extremely pleased with you.
You visited 8 branches of the dungeon, and saw 35 of its levels.
You also visited: Bailey, Gauntlet and Wizlab.

You collected 3565 gold pieces.
You spent 2573 gold pieces at shops.

Inventory:

Hand Weapons
 D - a +8 executioner's axe of flaming (weapon)
 J - a +4 executioner's axe of protection
Missiles
 e - 2 curare-tipped darts
 B - 30 boomerangs (quivered)
 O - 10 throwing nets
Armour
 d - a +1 pair of gloves of stealth (worn)
 g - the +1 plate armour of Abstinence (worn) {Slay+2}
   (You found it on level 13 of the Dungeon)

   Slay:      It affects your accuracy & damage with ranged weapons and melee
   (+2).
 t - a +2 pair of boots (worn)
 E - +2 fire dragon scales
 P - a +2 cloak of willpower (worn)
 W - the +0 hat "Arodgh" (worn) {rElec Dex+2}
   (You found it in a Gauntlet)

   Dex:       It affects your dexterity (+2).
   rElec:     It insulates you from electricity.
 Z - the quicksilver dragon scales of Dishonesty {Will+ Int+4}
   (You bought it in a shop on level 2 of the Orcish Mines)

   Int:       It affects your intelligence (+4).
   Will:      It increases your willpower.
Jewellery
 n - a ring of protection from cold
 q - the ring of Moxzog (left hand) {rN+ EV+5}
   (You found it in a Gauntlet)

   [ring of evasion]

   EV:        It affects your evasion (+5).
   rN:        It protects you from negative energy.
 G - a ring of protection from fire
 Q - an amulet of reflection (around neck)
 S - a ring of see invisible
 V - the ring "Nucoyp" (right hand) {*Corrode rPois Will+ Slay+5}
   (You found it on level 14 of the Dungeon)

   [ring of willpower]

   Slay:      It affects your accuracy & damage with ranged weapons and melee
   (+5).
   rPois:     It protects you from poison.
   *Corrode:  It may corrode you when you take damage.
   Will:      It increases your willpower.
Wands
 b - a wand of mindburst (17)
 i - a wand of flame (55)
 v - a wand of digging (7)
 x - a wand of iceblast (8)
 H - a wand of light (9)
 L - a wand of paralysis (10)
 Y - a wand of polymorph (20)
Scrolls
 c - 14 scrolls of identify
 k - 2 scrolls of fear
 m - 6 scrolls of poison
 p - 6 scrolls of fog
 s - 3 scrolls of blinking
 w - a scroll of summoning
 C - 10 scrolls of teleportation
 F - 5 scrolls of enchant weapon
 K - 2 scrolls of immolation
 R - 7 scrolls of silence
 T - 4 scrolls of torment
 U - 5 scrolls of enchant armour
 X - 4 scrolls of magic mapping
Potions
 f - 10 potions of flight
 h - 15 potions of curing
 j - 3 potions of ambrosia
 l - 2 potions of cancellation
 o - a potion of resistance
 u - 4 potions of mutation
 A - 3 potions of haste
 M - 7 potions of might
 N - 5 potions of lignification
Miscellaneous
 a - a lightning rod (4/4)
 r - a phial of floods
 y - a tin of tremorstones (inert)
 z - a phantom mirror
 I - a condenser vane (inert)


   Skills:
 * Level 23.3 Fighting
 O Level 27 Axes
 + Level 21.7 Armour
 + Level 13.2 Dodging
 + Level 9.6 Evocations


You had 19 spell levels left.
You didn't know any spells.
Your spell library was empty.

Dungeon Overview and Level Annotations

Branches:
Dungeon (15/15)              Lair (5/5) D:10         Shoals (4/4) Lair:2
  Snake (4/4) Lair:3        Slime (0/5) Lair:5          Orc (2/2) D:10
    Elf (3/3) Orc:2        Vaults (1/5) D:13         Depths (1/4) D:15
 Bailey (visited)          WizLab (visited)         Gauntlet (visited)
 Temple: D:4-7

Altars:
Ashenzari
Cheibriados
Elyvilon
Fedhas
Gozag
Hepliaklqana
Kikubaaqudgha
Vehumet
Wu Jian
Zin
Lugonu

Shops:
D:10 [   Orc:2 [?[   Elf:3 ===:   Shoals:3 (

Portals:
Abyss: D:10
Trove: D:15 (give +4 demon whip)

Annotations:
D:3 2 runed translucent doors, billybob123456's ghost, amateur DsGl
D:7 Pikel; Prince Ribbit
D:13 3 runed translucent doors, exclusion: obsidian statue, tarna41's ghost, journeyman MiBe
Lair:1 exclusion: oklob plant
Elf:2 3 runed translucent doors


Innate Abilities, Weirdness & Mutations

You have a pair of horns on your head.
You reflexively headbutt those who attack you in melee.


Message History

Trog appreciates your killing of a magic user.
The dire elephant is engulfed in freezing vapours.
The ironbound frostheart is engulfed in freezing vapours.
The ironbound frostheart calls freezing cold from the walls.
The frost grips you!!
* * * LOW HITPOINT WARNING * * *
You are encased in ice.
The great orb of eyes is engulfed in freezing vapours.
The frost giant is engulfed in freezing vapours.
The phantasmal warrior is engulfed in freezing vapours.
The phantasmal warrior completely misses you.
The ironbound preserver is engulfed in freezing vapours.
The ironbound preserver casts a spell.
The ironbound preserver begins to accept its allies' injuries.
A vault warden comes into view. It is wielding a +0 glaive.
You take 27 damage, and have 35/204 hp.
You hit the phantasmal warrior. You burn the phantasmal warrior.
Your headbutt misses the phantasmal warrior.
The phantasmal warrior is heavily damaged.
You slice the phantasmal warrior!! You burn the phantasmal warrior.
The phantasmal warrior is severely damaged.
You feel sick.
The frost giant is engulfed in freezing vapours.
The ironbound preserver is engulfed in freezing vapours.
The dire elephant is engulfed in freezing vapours.
The great orb of eyes is engulfed in freezing vapours.
The phantasmal warrior is engulfed in freezing vapours.
The phantasmal warrior hits you.
* * * LOW HITPOINT WARNING * * *
The vault warden is engulfed in freezing vapours.
You take 2 damage, and have 34/204 hp.
You barely miss the phantasmal warrior.
The phantasmal warrior is severely damaged.
You completely miss the great orb of eyes.
You feel sick.
The dire elephant is engulfed in freezing vapours.
The ironbound frostheart is engulfed in freezing vapours.
The ironbound frostheart calls freezing cold from the walls.
The frost grips you!!!
You die...

#########)###........
#.......########+
#.......# #.......#
#.......# #.......#
#§§.....# ##W######
#§§@§§.# ##§G§§##
##Y§## #§§# §Cp#


§ppp §§§§. ○§§§§§ You could see a dire elephant (sheltered), an ironbound
preserver (strong), a frost giant (sheltered), a vault warden (sheltered), a
great orb of eyes (sheltered), an ironbound frostheart (sheltered), a vault
sentinel (sheltered, catching breath) and a phantasmal warrior (strong,
sheltered).

Vanquished Creatures
  Mara (Snake:4)
  Nikola (Elf:3)
  Jorgrun (Orc:1)
  Zenata (Elf:2)
  3 deep elf blademasters
  3 deep elf master archers (Elf:3)
  An ancient champion (WizLab)
  The ghost of Pooter the Severer, an adept MiBe of Trog (Shoals:1)
  5 revenants (WizLab)
  Roxanne (Snake:4)
  6 nagarajas (Snake:4)
  10 deep elf sorcerers
  A frost giant (Depths:1)
  2 spectral caustic shrikes (WizLab)
  6 deep elf elementalists (Elf:3)
  2 ironbound preservers (Vaults:1)
  2 war gargoyles (Vaults:1)
  A stone giant (D:15)
  An ironbound thunderhulk (Vaults:1)
  3 deep elf annihilators (Elf:3)
  8 deep elf demonologists (Elf:3)
  Azrael (Snake:2)
  4 halazid warlocks (WizLab)
  The ghost of Wociock the Destroyer, a journeyman DgHW (D:14)
  A minotaur (Gauntlet)
  3 merfolk javelineers
  A blizzard demon (Gauntlet)
  3 spectral quicksilver dragons (WizLab)
  2 fire dragons
  6 deep elf high priests
  8 deep elf death magi
  10 merfolk impalers
  Josephine (D:10)
  A yaktaur captain (Vaults:1)
  6 jiangshi (WizLab)
  A great orb of eyes (Vaults:1)
  A peacekeeper (Vaults:1)
  A salamander tyrant (Snake:4)
  7 hydras
  3 merfolk avatars
  8 centaur warriors
  4 catoblepae
  2 ogre magi (D:15)
  An ironbound frostheart (Vaults:1)
  5 anacondas
  8 vault guards (D:13)
  A satyr (Shoals:1)
  9 death yaks
  3 tengu warriors
  3 boulder beetles
  16 dancing weapons
  13 two-headed ogres
  2 alligator snapping turtles (Shoals:2)
  7 naga warriors
  7 orc high priests (Orc:2)
  A vampire mage (WizLab)
  Urug (D:10)
  4 soul eaters (D:11)
  10 naga sharpshooters
  Nergalle (D:11)
  6 shock serpents
  16 deep elf knights
  2 skeletal warriors
  2 salamander mystics (Snake:4)
  9 skysharks
  2 spectral spark wasps (WizLab)
  A sixfirhy (D:11)
  3 deep trolls (Vaults:1)
  2 shadow wraiths (WizLab)
  2 flayed ghosts (WizLab)
  A kraken simulacrum (Shoals:4)
  13 sea snakes
  3 naga ritualists
  2 necromancers
  7 phantasmal warriors (WizLab)
  A spectral wolf spider (WizLab)
  6 lindwurms
  12 deep elf archers
  5 wizards
  18 deep elf zephyrmancers
  27 harpies
  11 ugly things
  24 deep elf pyromancers
  8 mana vipers
  3 ironbound convokers (Vaults:1)
  10 fauns
  A wolf spider zombie (WizLab)
  3 orc knights
  3 orc sorcerers
  6 cyclopes
  12 manticores
  Maurice (D:10)
  4 salamanders
  8 merfolk sirens
  Joseph (D:10)
  2 water nymphs
  16 elephants
  4 guardian serpents
  29 black mambas
  An orange demon (D:11)
  7 torpor snails
  2 vault sentinels (Vaults:1)
  A spectral sea snake (Shoals:1)
  11 cane toads
  An unseen horror (D:12)
  5 gargoyles
  8 naga magi
  A cane toad (shapeshifter) (D:15)
  2 kobold demonologists
  3 rime drakes
  2 ice devils
  A freezing wraith (D:13)
  15 komodo dragons
  A spectral harpy (WizLab)
  3 yaktaurs
  2 spectral merfolk (Shoals:1)
  A tengu conjurer (D:13)
  A red devil (D:11)
  8 trolls
  13 polar bears
  20 merfolk
  2 hellwings (D:11)
  2 wind drakes
  3 raiju (Lair:5)
  4 tyrant leeches (Lair:5)
  7 snapping turtles
  A spriggan zombie (WizLab)
  9 hornets
  6 dream sheep
  11 blink frogs
  2 spectral manticores (Shoals:1)
  11 slime creatures
  7 air elementals
  2 water elementals
  5 flying skulls (WizLab)
  2 ynoxinuls (D:11)
  A shadow (D:9)
  2 wyverns (Lair:2)
  74 yaks
  4 wraiths
  5 basilisks
  6 fire elementals
  A neqoxec (D:11)
  Menkaure (D:7)
  38 nagas
  3 vampire mosquitoes (D:12)
  13 wargs
  4 acid dragons
  14 water moccasins
  13 hell hounds
  26 orc warriors
  A black bear (shapeshifter) (D:14)
  11 black bears (Lair:5)
  4 sky beasts
  3 ice beasts (D:6)
  17 wolves
  6 centaurs
  4 boggarts (Vaults:1)
  8 ogres
  3 lemures (D:7)
  2 phantoms
  11 bullfrogs
  3 kobold brigands
  3 necrophages (D:5)
  3 gnoll sergeants
  2 scorpions
  3 merfolk simulacra (Shoals:1)
  A water nymph simulacrum (Shoals:1)
  A wight (D:10)
  14 killer bees
  2 snapping turtle simulacra (Shoals:1)
  4 electric eels (D:9)
  3 howler monkeys
  A jelly (D:6)
  10 quasits (D:11)
  35 orc priests
  8 hounds
  Crazy Yiuf (D:4)
  A gnoll bouda (D:9)
  7 iguanas
  Natasha (thrice) (D:3)
  8 hell rats
  12 orc wizards
  Terence (D:2)
  Robin (D:2)
  12 adders
  19 gnolls
  2 river rats (D:10)
  A shadow imp (D:6)
  3 white imps
  An ufetubus (D:4)
  A worm (D:3)
  2 dart slugs
  81 orcs
  11 ball pythons
  6 bats
  9 endoplasms
  5 giant cockroaches
  7 hobgoblins
  21 kobolds
  7 quokkas
  2 frilled lizards
  24 goblins
  5 rats
  2 bushes
  A lurking horror (D:10)
  2 tentacles (Shoals:4)
  A withered plant (Shoals:2)
1323 creatures vanquished.

Vanquished Creatures (collateral kills)
  Asterion (Snake:2)
  2 merfolk impalers (Shoals:4)
  3 merfolk javelineers (Shoals:4)
  Fannar (Orc:1)
  A naga warrior (Snake:2)
  A naga sharpshooter (Snake:2)
  A shock serpent (Snake:2)
  A phantasmal warrior (D:14)
  A manticore (D:14)
  A black mamba (Snake:2)
  2 merfolk (Shoals:4)
  4 wraiths (D:10)
  2 orc warriors (Bailey)
  An earth elemental (Elf:3)
  3 wights (D:10)
  An orc (Bailey)
  A goblin (Bailey)
27 creatures vanquished.

Vanquished Creatures (others)
  A sea snake (Shoals:4)
  A water nymph (Shoals:4)
  2 flying skulls (WizLab)
  An orc wizard (D:12)
  A quokka (D:3)
  A bush (Lair:5)
  9 demonic plants (D:11)
  35 fungi
  A lurking horror (D:10)
  122 plants
  2 tentacles (Shoals:4)
176 creatures vanquished.

Grand Total: 1526 creatures vanquished

Notes
Turn   | Place    | Note
-------+----------+-------------------------------------------
     0 | D:1      | jasper the Minotaur Berserker began the quest for the Orb.
     0 | D:1      | Reached XP level 1. HP: 19/19 MP: 0/0
   187 | D:1      | Reached XP level 2. HP: 23/27 MP: 1/1
   247 | D:1      | Reached skill level 4 in Axes
  1067 | D:2      | Reached ** piety under Trog
  1068 | D:2      | Reached XP level 3. HP: 33/33 MP: 2/2
  1430 | D:2      | Noticed Robin
  1435 | D:2      | Killed Robin
  1436 | D:2      | Reached XP level 4. HP: 40/40 MP: 3/3
  1741 | D:2      | Reached skill level 5 in Axes
  1941 | D:2      | Noticed Terence
  1953 | D:2      | Killed Terence
  2066 | D:2      | Reached XP level 5. HP: 47/47 MP: 4/4
  2278 | D:3      | Found a large runed translucent door.
  2282 | D:3      | Found an ancient bone altar of Kikubaaqudgha.
  2283 | D:3      | Found a broken altar of Ashenzari.
  2318 | D:3      | Found a white marble altar of Elyvilon.
  2795 | D:3      | Noticed Natasha
  2813 | D:3      | Killed Natasha
  2885 | D:3      | Reached *** piety under Trog
  3163 | D:3      | Found a large runed translucent door.
  3165 | D:3      | Noticed billybob123456's ghost (amateur DsGl)
  3265 | D:3      | Noticed Natasha
  3272 | D:3      | Killed Natasha
  3288 | D:3      | Noticed Natasha
  3290 | D:3      | Killed Natasha
  3478 | D:4      | Found a runed translucent door.
  3479 | D:4      | Noticed Crazy Yiuf
  3487 | D:4      | Killed Crazy Yiuf
  3488 | D:4      | Reached XP level 6. HP: 55/55 MP: 5/5
  3701 | D:4      | Reached skill level 5 in Fighting
  3701 | D:4      | Reached skill level 6 in Axes
  4017 | D:5      | Entered Level 5 of the Dungeon
  4027 | D:5      | Reached XP level 7. HP: 59/61 MP: 6/6
  4184 | D:5      | Reached skill level 7 in Axes
  4280 | D:5      | Reached skill level 5 in Armour
  4792 | D:5      | Reached XP level 8. HP: 70/70 MP: 7/7
  5386 | D:6      | Reached skill level 8 in Axes
  5395 | D:6      | Identified the +2 robe of Laro {*Slow Fly rF+++ Regen+}
  5668 | D:6      | Reached skill level 9 in Axes
  5900 | D:6      | Reached skill level 10 in Axes
  5917 | D:6      | Reached XP level 9. HP: 79/79 MP: 8/8
  5926 | D:6      | Reached **** piety under Trog
  6971 | D:6      | Reached skill level 11 in Axes
  7153 | D:7      | Noticed Menkaure
  7166 | D:7      | Killed Menkaure
  7236 | D:7      | Reached skill level 12 in Axes
  7564 | D:7      | Noticed Pikel
  7945 | D:7      | Noticed Prince Ribbit
  8144 | D:8      | Reached skill level 13 in Axes
  8245 | D:8      | Noticed a two-headed ogre
  8275 | D:8      | Killed a two-headed ogre
  8276 | D:8      | Reached skill level 14 in Axes
  8276 | D:8      | Reached XP level 10. HP: 32/91 MP: 9/9
  8947 | D:8      | Found a snail-covered altar of Cheibriados.
  8958 | D:8      | Found a glowing silver altar of Zin.
  9098 | D:8      | Found an ornate altar of the Wu Jian Council.
  9367 | D:9      | Found a flagged portal.
  9374 | Bailey   | Entered a bailey
  9988 | Bailey   | Reached skill level 15 in Axes
 10255 | Bailey   | Noticed an orc knight
 10289 | Bailey   | Killed an orc knight
 10290 | Bailey   | Reached skill level 10 in Fighting
 10350 | Bailey   | Noticed an orc knight
 10363 | Bailey   | Killed an orc knight
 10364 | Bailey   | Reached skill level 16 in Axes
 10460 | Bailey   | Noticed an orc sorcerer
 10467 | Bailey   | Noticed a sun demon
 10467 | Bailey   | Killed an orc sorcerer
 10468 | Bailey   | Reached skill level 10 in Armour
 10478 | Bailey   | Found an iron altar of Okawaru.
 10613 | Bailey   | Identified the +6 dagger of Cocytus {pain, Fly rElec Str+2
                  | Stlth+}
 10804 | D:9      | Reached XP level 11. HP: 96/101 MP: 10/10
 10868 | D:9      | Reached skill level 17 in Axes
 11048 | D:10     | Entered Level 10 of the Dungeon
 11053 | D:10     | Noticed Urug
 11116 | D:10     | Found a one-way gate to the infinite horrors of the Abyss.
 11117 | D:10     | Found a corrupted altar of Lugonu.
 11130 | D:10     | Noticed Joseph
 11131 | D:10     | Found a staircase to the Orcish Mines.
 11140 | D:10     | Killed Joseph
 11165 | D:10     | Found Ajelaxos's Armour Shoppe.
 11192 | D:10     | Bought a +2 cloak for 165 gold pieces
 11205 | Orc:1    | Entered Level 1 of the Orcish Mines
 11371 | Orc:1    | Noticed Jorgrun
 11371 | Orc:1    | Noticed Fannar
 11383 | Orc:1    | Killed Fannar
 11389 | Orc:1    | Killed Jorgrun
 11390 | Orc:1    | Reached skill level 18 in Axes
 11746 | Orc:2    | Entered Level 2 of the Orcish Mines
 11746 | Orc:2    | Found a staircase to the Elven Halls.
 12195 | Orc:2    | Noticed an orc high priest
 12218 | Orc:2    | Killed an orc high priest
 13165 | Orc:2    | Noticed an orc sorcerer
 13171 | Orc:2    | Noticed an orc knight
 13174 | Orc:2    | Killed an orc sorcerer
 13183 | Orc:2    | Killed an orc knight
 13395 | Orc:2    | Noticed an orc high priest
 13402 | Orc:2    | Killed an orc high priest
 13402 | Orc:2    | Noticed an orc high priest
 13416 | Orc:2    | Noticed a soul eater
 13815 | Orc:2    | Killed an orc high priest
 13816 | Orc:2    | Reached skill level 19 in Axes
 13816 | Orc:2    | Reached XP level 12. HP: 112/112 MP: 11/11
 13987 | Orc:2    | Noticed an orc high priest
 14003 | Orc:2    | Killed an orc high priest
 14046 | Orc:2    | Noticed an orc high priest
 14056 | Orc:2    | Killed an orc high priest
 14057 | Orc:2    | Found Viufeow's Magic Scroll Emporium.
 14057 | Orc:2    | Found Iset's Antique Armour Shop.
 14257 | Orc:2    | Bought a pair of gloves for 99 gold pieces
 14262 | Orc:2    | Bought a pair of boots for 99 gold pieces
 14278 | Orc:2    | Noticed an orc high priest
 14292 | Orc:2    | Killed an orc high priest
 14445 | Orc:2    | Found Banuu's Antique Armour Emporium.
 14445 | Orc:2    | Found Jiegashri's Armour Shop.
 14732 | Orc:2    | Noticed an orc high priest
 14744 | Orc:2    | Killed an orc high priest
 15723 | D:11     | Reached skill level 20 in Axes
 15908 | D:11     | Found a hazy altar of Hepliaklqana.
 15996 | D:11     | Noticed Nergalle
 16007 | D:11     | Killed Nergalle
 16008 | D:11     | Reached skill level 5 in Dodging
 16343 | D:11     | Reached ***** piety under Trog
 17062 | D:12     | Reached XP level 13. HP: 110/124 MP: 12/12
 17825 | D:10     | Killed Urug
 18212 | D:10     | Noticed Josephine
 18218 | D:10     | Killed Josephine
 18381 | D:10     | Reached skill level 15 in Fighting
 18392 | D:10     | Found a staircase to the Lair.
 18464 | D:10     | Noticed Maurice
 18470 | D:10     | Killed Maurice
 18752 | Lair:1   | Entered Level 1 of the Lair of Beasts
 19832 | Lair:2   | Found a staircase to the Shoals.
 21385 | Lair:2   | Reached XP level 14. HP: 125/138 MP: 13/13
 21980 | Lair:3   | Found a staircase to the Snake Pit.
 22152 | Lair:3   | Reached skill level 15 in Armour
 22920 | Lair:4   | Reached skill level 1 in Evocations
 24101 | Lair:5   | Entered Level 5 of the Lair of Beasts
 24472 | Lair:4   | Received a gift from Trog
 25014 | Lair:5   | Reached skill level 10 in Dodging
 25655 | Lair:5   | Reached XP level 15. HP: 149/150 MP: 14/14
 25701 | Lair:5   | Received a gift from Trog
 26305 | Lair:5   | Found a staircase to the Slime Pits.
 26609 | Lair:5   | Found a runed translucent door.
 26650 | Lair:5   | Paralysed by a hornet for 2 turns
 26990 | Lair:5   | Reached skill level 5 in Evocations
 28261 | D:12     | Found the +6 shillelagh "Devastator" {shatter}
 28988 | D:13     | Found the +8 storm bow {elec, penet}
 29025 | D:13     | Reached ****** piety under Trog
 29120 | D:13     | Identified the +1 plate armour of Abstinence {Slay+2}
 29135 | D:13     | Identified the +5 mace of Kider {freeze, Str+3}
 29274 | D:13     | Found a runed translucent gate.
 29274 | D:13     | Found a runed translucent gate.
 29274 | D:13     | Found a runed translucent gate.
 29275 | D:13     | Received a gift from Trog
 29276 | D:13     | Found an opulent altar of Gozag.
 29293 | D:13     | Noticed tarna41's ghost (journeyman MiBe)
 29294 | D:13     | Noticed a frost giant
 29310 | D:13     | Identified the +8 long sword of the Imperium {drain, Str+3
                  | Dex+3}
 29310 | D:13     | Identified the amulet of Symmetry {RegenMP Stlth+}
 29700 | D:13     | Found a gate to the Vaults.
 30089 | D:13     | Found a blossoming altar of Fedhas.
 30357 | D:14     | Found a gate leading to a gauntlet.
 30365 | D:14     | Found a transporter.
 30367 | Gauntlet | Entered a Gauntlet
 30367 | Gauntlet | Found a transporter.
 30367 | Gauntlet | Found a transporter.
 30385 | Gauntlet | Found a transporter.
 30389 | Gauntlet | Found a transporter.
 30397 | Gauntlet | Found a transporter.
 30401 | Gauntlet | Found a transporter.
 30409 | Gauntlet | Found a transporter.
 30425 | Gauntlet | Found a transporter.
 30439 | Gauntlet | Found a transporter.
 30443 | Gauntlet | Found a transporter.
 30451 | Gauntlet | Found a transporter.
 30455 | Gauntlet | Found a transporter.
 30521 | Gauntlet | Identified the ring of Moxzog {rN+ EV+5}
 30580 | Gauntlet | Identified the +0 hat "Arodgh" {rElec Dex+2}
 30834 | Gauntlet | Identified the +1 kite shield of Darkness {Str-5 Int+6}
 30834 | Gauntlet | Identified the +3 steam dragon scales of the Realm of Zot
                  | {rC+ MP+9 Dex-2}
 30962 | D:14     | Found a transporter.
 30962 | D:14     | Noticed Wociock's ghost (journeyman DgHW)
 31024 | D:14     | Killed Wociock's ghost
 31031 | D:14     | Reached XP level 16. HP: 162/162 MP: 15/15
 31042 | D:14     | Identified the ring "Nucoyp" {*Corrode rPois Will+ Slay+5}
 31627 | D:15     | Entered Level 15 of the Dungeon
 31662 | D:15     | Received a gift from Trog
 31735 | D:15     | Found a portal to a secret trove of treasure.
 31873 | D:15     | Found a staircase to the Depths.
 32014 | D:15     | Found a radiant altar of Vehumet.
 32794 | Snake:1  | Entered Level 1 of the Snake Pit
 33739 | Snake:1  | Reached skill level 21 in Axes
 34539 | Snake:2  | Noticed Asterion
 34567 | Snake:2  | Killed Asterion
 34946 | Snake:2  | Reached skill level 22 in Axes
 35249 | Snake:2  | Noticed Azrael
 35255 | Snake:2  | Killed Azrael
 35719 | Snake:3  | Received a gift from Trog
 35728 | Snake:3  | Reached XP level 17. HP: 154/170 MP: 16/16
 36244 | Snake:4  | Entered Level 4 of the Snake Pit
 36293 | Snake:4  | Reached skill level 23 in Axes
 36631 | Snake:4  | Identified Roxanne's Treatise on Grit
 36631 | Snake:4  | Noticed Roxanne
 36643 | Snake:4  | Killed Roxanne
 38730 | Snake:4  | Received a gift from Trog
 38731 | Snake:4  | Reached skill level 24 in Axes
 38797 | Snake:4  | Noticed Mara
 38805 | Snake:4  | Killed Mara
 39067 | Snake:4  | Got a serpentine rune of Zot
 39297 | Shoals:1 | Entered Level 1 of the Shoals
 39506 | Shoals:1 | Found a runed translucent gate.
 39506 | Shoals:1 | Found a runed translucent gate.
 39506 | Shoals:1 | Found a runed translucent gate.
 39506 | Shoals:1 | Noticed Pooter's ghost (adept MiBe)
 39534 | Shoals:1 | Reached skill level 25 in Axes
 39941 | Shoals:1 | Killed Pooter's ghost
 39981 | Shoals:1 | Identified the +3 leather armour "Ehujef" {rN+}
 40096 | Shoals:2 | Received a gift from Trog
 40939 | Shoals:2 | Reached XP level 18. HP: 144/178 MP: 17/17
 41001 | Shoals:2 | Reached skill level 26 in Axes
 41643 | Shoals:3 | Found Ciunergh's Antique Weapon Shop.
 41774 | Shoals:4 | Entered Level 4 of the Shoals
 42138 | Shoals:4 | Received a gift from Trog
 42154 | Shoals:4 | Reached skill level 27 in Axes
 42685 | Shoals:4 | Got a barnacled rune of Zot
 42884 | Elf:1    | Entered Level 1 of the Elven Halls
 42964 | Orc:2    | Bought twisted quicksilver dragon scales for 2210 gold
                  | pieces
 42964 | Orc:2    | Identified the quicksilver dragon scales of Dishonesty
                  | {Will+ Int+4} (You bought it in a shop on level 2 of the
                  | Orcish Mines)
 43066 | Elf:1    | Received a gift from Trog
 43532 | Elf:1    | Paralysed by an air elemental for 1 turns
 44217 | Elf:2    | Found a magical portal.
 44220 | Elf:2    | Noticed Zenata
 44229 | Elf:2    | Killed Zenata
 44278 | WizLab   | Entered Borgnjor's Mausoleum
 44609 | WizLab   | Reached XP level 19. HP: 181/188 MP: 18/18
 45582 | Elf:2    | Identified the +2 battleaxe of Absolutism {heavy, Fragile
                  | rN+ Str+7 SInv} (Trog gifted it to you on level 2 of the
                  | Elven Halls)
 45582 | Elf:2    | Received a gift from Trog
 46411 | Elf:2    | Found a runed translucent gate.
 46411 | Elf:2    | Found a runed translucent gate.
 46411 | Elf:2    | Found a runed translucent gate.
 46558 | Elf:3    | Entered Level 3 of the Elven Halls
 46937 | Elf:3    | Noticed Nikola
 46949 | Elf:3    | Killed Nikola
 47283 | Elf:3    | Found Zyrraal's Book Shop.
 47284 | Elf:3    | Found Veofuguol's Jewellery Shoppe.
 47284 | Elf:3    | Found Vytujyrgh's Jewellery Shoppe.
 47544 | Elf:3    | Found Cutuumub's Jewellery Shop.
 47577 | Elf:3    | Paralysed by an air elemental for 1 turns
 47581 | Elf:3    | Paralysed by an air elemental for 1 turns
 48188 | Elf:3    | Received a gift from Trog
 48418 | Elf:3    | HP: 3/185 [deep elf master archer/arrow (10)]
 48985 | Elf:3    | Reached XP level 20. HP: 162/202 MP: 19/19
 49037 | Elf:3    | Identified the +2 great sword of Syiw {heavy, Str+5}
 49038 | Elf:3    | Identified the amulet "Taewkaph" {Harm rPois Regen+ Stlth+}
 49589 | Depths:1 | Entered Level 1 of the Depths
 49709 | Vaults:1 | Entered Level 1 of the Vaults
 50365 | Vaults:1 | Received a gift from Trog
 50385 | Vaults:1 | Killed from afar by an ironbound frostheart

Illustrated notes

Levels and vault maps discovered:
D:1:      nzn_arrival_depleted_hourglass, layout_basic, minivault_27
D:2:      layout_rooms, uniq_robin, uniq_terence
D:3:      layout_basic, gammafunk_temple_overflow_statue, elyvilon_altar_4,
          ebering_ghost_disaster_area, uniq_natasha
D:4:      layout_basic, minmay_temple_entry_fiery, uniq_eustachio,
          uniq_crazy_yiuf_cottage
D:5:      layout_layer_cave, minmay_misc_feat_encased, st_stairs_11
D:6:      wad_guarded_room, layout_loops_cross, minmay_manual_mandibuliform
D:7:      layout_basic, uniq_menkaure, uniq_pikel, uniq_prince_ribbit1
D:8:      layout_basic, amethyst_overflow_temple_binary,
          nicolae_wu_jian_immortal_techniques, due_unseen_surprise
D:9:      layout_irregular_city, enter_bailey_3, minmay_misc_feat_chi,
          kennysheep_boxes
D:10:     layout_basic, dpeg_lair_monsters, orc_david_3,
          amcnicky_altar_lugonu_corruption, uniq_joseph, uniq_josephine,
          uniq_maurice, uniq_urug
D:11:     layout_grid_maze, serial_demonic, serial_demonic_a, serial_demonic_a,
          serial_demonic_d, serial_demonic_d, serial_demonic_c,
          serial_demonic_e, serial_demonic_g, serial_demonic_c,
          serial_demonic_f, serial_demonic_f, nicolae_hepliaklqana_hazy_memory,
          uniq_nergalle
D:12:     layout_irregular_city
D:13:     minmay_the_grid_triangle_9x9_rhombus_thin_mashed
          [minmay_the_grid_triangle_9x9_stretched_checkered,
          minmay_the_grid_triangle_9x9_prize_insulated,
          minmay_the_grid_triangle_9x9_cache,
          minmay_the_grid_triangle_9x9_limited_checkers], layout_layer_cave,
          erik_vaults_2, ebering_ghost_gozag, fedhas_altar_4
D:14:     layout_basic, gauntlet_entry_generic, chequers_serial_rivers_micro_d,
          gammafunk_ghost_arena, minmay_misc_feat_square,
          kennysheep_big_empty_room
D:15:     grunt_enter_depths_snipers, layout_loops_cross, enter_trove_0,
          hangedman_decor_lopped, nicolae_vehumet_altar_sigil
Lair:1:   layout_cave_pods, minmay_lair_oklob_bushes, lemuel_fruit_fields
Lair:2:   layout_concentric_octagons, minmay_shoals_entry_beasts,
          lemuel_fruit_tree, grunt_megastairs_3, infiniplex_staircase_pool_2
Lair:3:   layout_cave_pods, guppyfry_snake_entry_island, st_stairs_4
Lair:4:   layout_cave_pods, infiniplex_staircase_pool, serial_bayou_shore_b,
          lemuel_fruit_fields
Lair:5:   wormcave, layout_regular_city, hangedman_lair_caniforms_friends,
          dpeg_slime_entry_corner
Shoals:1: cheibrodos_shoals_satyrical_garden, layout_shoals,
          gammafunk_ghost_necromancy
Shoals:2: layout_shoals, argonaut_gorgonesque
Shoals:3: layout_shoals, serial_shops, nicolae_shop_crystal
Shoals:4: shoals_end_grunt_ice, layout_shoals
Snake:1:  layout_chambers
Snake:2:  nicolae_sea_snake_s, layout_misc_corridors, uniq_azrael, uniq_asterion
Snake:3:  layout_cave_town
Snake:4:  grunt_snake_rune_spirals, layout_onion, uniq_mara, uniq_roxanne
Orc:1:    layout_caves, uniq_jorgrun, uniq_fannar
Orc:2:    st_orc_town, layout_diamond_mine
Elf:1:    nicolae_elf_arrival_aired_out, layout_gridlike,
          minmay_elf_annihilation, lemuel_upstairs_altar
Elf:2:    nicolae_elf_blades_splatter_lattice [nicolae_blade_lattice],
          layout_geoelf_octagon, mu_enter_wizlab_1, uniq_zenata
Elf:3:    nooodl_elf_gasket, layout_gridlike, serial_shops, shop,
          minmay_shop_grove, uniq_nikola
Vaults:1: vaults_standard_mumra_enter_the_diamond, vaults_room_semicircle,
          dpeg_vaults_pockets_of_resistance, nicolae_vaults_sealed_display,
          hangedman_vaults_capsules, nicolae_vaults_little_squares_4,
          nicolae_vaults_little_squares_5, ontoclasm_vaults_gateway,
          hangedman_vaults_slice, nicolae_vaults_yaktaur_gun_rack,
          nicolae_vaults_big_angled_halls, ontoclasm_vaults_ligature,
          hangedman_vaults_nodes, layout_vaults_maze
Depths:1: layout_cave_shapes, abyss_entry, grunt_decor_one_mirror, hell_entry,
          nicolae_concentric_dashed_squares_mild, kennysheep_two_boxes

Skill      XL: |  1  2  3  4  5  6  7  8  9 10 11 12 13 14 15 16 17 18 19 20 |
---------------+-------------------------------------------------------------+-----
Axes           | 4 5 6 7 10 14 16 19 20 22 25 27 | 27.0
Fighting       | 4 5 6 7 9 10 12 14 16 18 20 21 22 23 | 23.3
Armour         | 3 4 5 7 8 10 11 13 14 16 18 20 21 | 21.7
Dodging        | 3 4 5 8 10 11 12 13 | 13.2
Evocations     | 3 6 7 9 |  9.6

Action                     |  1- 3 |  4- 6 |  7- 9 | 10-12 | 13-15 | 16-18 | 19-21 || total
---------------------------+-------+-------+-------+-------+-------+-------+-------++-------
  Melee: Hand axe          |    76 |   125 |   100 |       |       |       |       ||   301
         Headbutt          |    10 |    21 |    55 |   104 |   238 |   191 |    78 ||   697
         War axe           |       |       |   139 |       |       |       |       ||   139
         Battleaxe         |       |       |    40 |   587 |   784 |       |       ||  1411
         Executioner's axe |       |       |       |       |   130 |   756 |   318 ||  1204
         Dire flail        |       |       |       |       |     4 |       |       ||     4
  Throw: Stone             |    16 |     4 |       |       |       |       |       ||    20
         Dart              |     1 |     4 |     3 |     6 |     1 |       |       ||    15
         Boomerang         |       |     6 |    88 |   133 |   113 |    72 |       ||   412
 Invoke: Berserk           |     2 |     3 |     5 |    11 |     5 |     4 |     2 ||    32
         Trog's Hand       |       |     2 |     3 |    10 |    13 |     7 |    13 ||    48
         Brothers in Arms  |       |       |       |     4 |     2 |     5 |     3 ||    14
  Evoke: Wand              |       |     3 |     3 |     7 |       |     7 |       ||    20
         Tin of tremorston |       |       |       |       |     2 |     2 |     6 ||    10
         Lightning rod     |       |       |       |       |       |     4 |       ||     4
         Condenser vane    |       |       |       |       |       |     2 |     4 ||     6
    Use: Scroll            |     6 |     8 |     5 |     5 |     8 |     5 |    14 ||    51
         Potion            |       |       |     1 |       |       |       |    11 ||    12
   Stab: Invisible         |       |     2 |       |     4 |       |       |       ||     6
         Distracted        |       |       |       |     1 |     1 |       |       ||     2
         Petrifying        |       |       |       |       |     2 |       |       ||     2
         Petrified         |       |       |       |       |     2 |       |       ||     2
 Armour: Animal skin       |     5 |       |       |       |       |       |       ||     5
         Leather armour    |     8 |     2 |       |       |       |       |       ||    10
         Chain mail        |       |    14 |       |       |       |       |       ||    14
         Ring mail         |       |    18 |    14 |       |       |       |       ||    32
         Plate armour      |       |       |   100 |   307 |   587 |   341 |   136 ||  1471
         Quicksilver drago |       |       |       |       |       |    42 |    52 ||    94
  Dodge: Dodged            |    31 |    56 |    94 |   210 |   447 |   654 |   274 ||  1766
  Block: Buckler           |     3 |    11 |    27 |       |       |       |       ||    41
         Other             |       |       |       |       |    35 |   167 |    79 ||   281
         Reflection        |       |       |       |       |     3 |    24 |    15 ||    42

Table legend: (Time is in decaauts)
 A = Elapsed time spent in this place.
 B = Non-inter-level travel time spent in this place.
 C = Inter-level travel time spent in this place.
 D = Time resting spent in this place.
 E = Time spent auto-exploring this place.
 F = Levels seen in this place.
 G = Mean time per level.
                   A        B        C        D        E       F      G
               +--------+--------+--------+--------+--------+-----+--------+
         Total |  50362 |  47460 |   2902 |  14365 |  24158 |  38 | 1325.3 |
       Dungeon |  19129 |  17797 |   1332 |   3710 |  10801 |  15 | 1275.3 |
          Lair |   8567 |   7989 |    578 |   1946 |   4670 |   5 | 1713.4 |
        Shoals |   3534 |   3408 |    126 |    881 |   1780 |   4 |  883.5 |
     Snake Pit |   6435 |   6123 |    312 |   2721 |   2509 |   4 | 1608.8 |
  Orcish Mines |   3738 |   3504 |    234 |   1558 |   1291 |   2 | 1869.0 |
   Elven Halls |   5208 |   4893 |    315 |   1981 |   1866 |   3 | 1736.0 |
        Vaults |    663 |    663 |      0 |      0 |    574 |   1 |  663.0 |
        Depths |     20 |     19 |      1 |      0 |      0 |   1 |   20.0 |
        Bailey |   1369 |   1369 |      0 |    937 |     71 |   1 | 1369.0 |
        Wizlab |   1096 |   1096 |      0 |    321 |    461 |   1 | 1096.0 |
      Gauntlet |    599 |    599 |      0 |    307 |    131 |   1 |  599.0 |
               +--------+--------+--------+--------+--------+-----+--------+

Top non-repeatable levels by time:
 Snake:4: 2854 daAuts
  Lair:5: 2676 daAuts
   Orc:2: 2441 daAuts
   Elf:3: 2368 daAuts
    D:11: 2315 daAuts
  Lair:4: 2127 daAuts
    D:13: 1945 daAuts
Shoals:2: 1696 daAuts
   Elf:2: 1660 daAuts
     D:6: 1646 daAuts
  Lair:2: 1633 daAuts
 Snake:1: 1560 daAuts
    D:10: 1436 daAuts
     D:3: 1391 daAuts
     D:8: 1383 daAuts
